cohdb
Replays
Latest Replays
All Replays
Popular Replays
Top Player Replays
Match Explorer
How It Works
Community
CoH3 Stats
Reddit
Sign in to upload your games and track your stats! →
Sign in with Steam
Match 43188735
Unlisted
Match 43188735
Overview
Messages
Build Orders
End
Panzergrenadier Squad
250 Light Carrier
Panzergrenadier Squad
Construct Light Support Kompanie
2.5-tonne Medical Truck
Panzerjäger Squad
Panzergrenadier Squad
Fire Support Elements
Selects Panzerjäger Kommand Battlegroup
Selects Blockade Equipment
Selects Defensive Positions
le.IG 18 Mechanized Group
Combat Half-tracks
Construct Panzerarmee Kommand
Panzer III L Medium Tank
Selects Butterfly Bomb Drop
Vehicle Survival Package
Tungsten Core Ammunition
Panzer III L Medium Tank
Panzer III L Medium Tank
Selects Tank Busters
Selects Crew Shock Tactics
Rapid Advance
Panzer III L Medium Tank
Crew Shock Tactics
Emergency Repair Kits
Selects Anti-tank Overwatch
Armored Reserves
Panzer IV Assault Group
Crew Shock Tactics
Walking Stuka Rocket Launcher
Anti-tank Overwatch
Panzer III L Medium Tank
Panzer IV Assault Group
Panzer III L Medium Tank
Panzer III L Medium Tank
Anti-tank Overwatch
Crew Shock Tactics
Panzer III L Medium Tank
Koopa
Villain
Captain Song
Pleiades
Dahlian
[82AD] PaulVmax
Bass
just a chill world leader ♡
0
0
Comments
sign in to comment!
No comments posted yet!